 Dungeon Crawl Stone Soup version 0.31-a0-1237-gabc64e778c (webtiles) character file.

Game seed: 10120220832713394667

96 IdlyInterested the Trooper (level 4, -1/38 HPs)
             Began as a Demonspawn Fighter on Dec 15, 2023.
             Killed from afar by an orc wizard (7 damage)
             ... with a magic dart
             ... on level 3 of the Dungeon.
             The game lasted 00:04:41 (2047 turns).

IdlyInterested the Trooper (Demonspawn Fighter)     Turns: 2047, Time: 00:04:42

Health: -1/38      AC:  8    Str: 17    XL:     4   Next: 41%
Magic:  4/4        EV: 11    Int:  8    God:
Gold:   94         SH:  4    Dex: 14    Spells: 3/3 levels left

rFire   + .          .
                       - Unarmed
rCold   + + .        b - +0 buckler
rNeg    . . .        p - +1 ring mail {rC+}
rPois   .            (helmet restricted)
rElec   .            (no cloak)
rCorr   .            n - +0 pair of gloves
SInv    .            (no boots)
Will    .....        (no amulet)
Stlth   +            e - ring of protection from cold
HPRegen 0.26/turn    m - ring of protection from fire
MPRegen 0.09/turn

%: no passive effects
@: no status effects
A: antennae 1, rugged brown scales 1
a: no special abilities


You were on level 3 of the Dungeon.
You visited 1 branch of the dungeon, and saw 3 of its levels.

You collected 94 gold pieces.

Inventory:

Hand Weapons
 a - a +0 spear
 f - a +0 quarterstaff
 i - a +0 whip
 o - a +0 dagger
Missiles
 l - 4 stones (quivered)
Armour
 b - a +0 buckler (worn)
 c - a +0 leather armour of fire resistance
 n - a +0 pair of gloves (worn)
 p - a +1 ring mail of cold resistance (worn)
Magical Staves
 d - a staff of death
Jewellery
 e - a ring of protection from cold (left hand)
 m - a ring of protection from fire (right hand)
Scrolls
 h - a scroll of teleportation {unknown}
 j - a scroll of amnesia {unknown}
 q - a scroll of vulnerability {unknown}


   Skills:
 + Level 4.3 Fighting
 - Level 3.0 Armour
 + Level 2.1 Dodging
 - Level 2.6 Shields
 - Level 1.7 Unarmed Combat


You had 3 spell levels left.
You didn't know any spells.
Your spell library contained the following spells:

 Spells                   Type           Power      Damage    Failure   Level
 Animate Dead             Necr           0%         N/A       100%        4
 Borgnjor's Vile Clutch   Necr/Erth      0%         N/A       100%        5
 Death Channel            Necr           0%         N/A       100%        6


Dungeon Overview and Level Annotations

Branches:
Dungeon (3/15)

Altars:

Shops:
D:1 [


Innate Abilities, Weirdness & Mutations

You have a pair of small antennae on your head.
You are partially covered in rugged brown scales. (AC +1, +3% HP)


Message History

You kill the orc!
You barely miss the orc. Something hits you but does no damage.
The orc barely misses you.
You completely miss the orc.
You hear some strange, mumbled words.
A magic dart appears from out of thin air!
The magic dart hits you. You block the orc's attack.
You hit the orc.
The orc is heavily wounded.
Something hits you but does no damage. You block the orc's attack.
You hit the orc.
You kill the orc!
Something hits you but does no damage. The giant cockroach bites you.
You completely miss the giant cockroach.
Something hits you.
* * * LOW HITPOINT WARNING * * *
The giant cockroach bites you but does no damage.
You closely miss the giant cockroach.
You hear some strange, mumbled words.
A puff of flame appears from out of thin air!
The puff of flame hits you. You resist.
* * * LOW HITPOINT WARNING * * *
The giant cockroach bites you.
* * * LOW HITPOINT WARNING * * *
You hit the giant cockroach.
The giant cockroach is almost dead.
An orc wizard appears from thin air!
Reactivating autopickup.
The giant cockroach bites you.
* * * LOW HITPOINT WARNING * * *
The orc wizard gestures wildly while chanting.
The orc wizard flickers and vanishes!
Deactivating autopickup; reactivate with Ctrl-A.
You hit the giant cockroach.
You kill the giant cockroach!
The rat twitches its whiskers.
You hear some strange, mumbled words.
A magic dart appears from out of thin air!
The magic dart hits you!
You die...

♣♣ ...♣ ♣...♣♣
♣.rS.♣♣♣♣
♣loo@.♣♣♣
♣♣♣♣{...♣ ♣♣♣..♣♣
♣♣..♣ ♣♣♣♣..♣♣
♣....♣♣ ♣♣♣♣♣♣
♣♣♣...♣
♣♣♣♣♣♣.....
♣...♣♣♣)..♣.♣♣♣♣♣
♣♣......♣♣.♣♣


You could see an orc priest, an orc, a ball python, a frilled lizard and a rat.

Vanquished Creatures
  An adder (D:3)
  4 gnolls (D:2)
  A worm (D:2)
  A dart slug (D:1)
  6 orcs
  4 endoplasms
  A giant cockroach (D:3)
  5 hobgoblins
  3 kobolds
  5 ball pythons
  3 bats (D:1)
  A frilled lizard (D:2)
  4 rats (D:1)
39 creatures vanquished.

Notes
Turn   | Place    | Note
-------+----------+-------------------------------------------
     0 | D:1      | IdlyInterested the Demonspawn Fighter began the quest for
                  | the Orb.
     0 | D:1      | Reached XP level 1. HP: 18/18 MP: 1/1
   161 | D:1      | Gained mutation: You are partially covered in rugged brown
                  | scales. (AC +1, +3% HP) [demonic ancestry]
   161 | D:1      | Reached XP level 2. HP: 15/24 MP: 2/2
   602 | D:1      | Found Hizeveqa's Armour Shoppe.
   843 | D:2      | Reached skill level 1 in Dodging
  1180 | D:2      | Reached XP level 3. HP: 30/30 MP: 3/3
  1188 | D:2      | Reached skill level 4 in Fighting
  1526 | D:2      | Gained mutation: You have a pair of small antennae on your
                  | head. [demonic ancestry]
  1526 | D:2      | Reached XP level 4. HP: 38/38 MP: 4/4
  2047 | D:3      | Killed from afar by an orc wizard

Illustrated notes

Levels and vault maps discovered:
D:1:      wheals_arrival_shading, layout_basic, serial_shops, shop
D:2:      layout_basic
D:3:      kb_forest_paths, layout_basic

Skill      XL: |  1  2  3  4 |
---------------+-------------+-----
Armour         | 3 |  3.0
Dodging        | 1 2 |  2.1
Fighting       | 4 |  4.3
Shields        | |  2.6
Unarmed Combat | |  1.7

Action                     |  1- 3 |  4- 6 || total
---------------------------+-------+-------++-------
  Melee: Unarmed           |   113 |   112 ||   225
  Throw: Stone             |     3 |       ||     3
    Use: Potion            |     2 |     1 ||     3
         Scroll            |       |     1 ||     1
 Armour: Scale mail        |    46 |       ||    46
         Ring mail         |    13 |   103 ||   116
  Dodge: Dodged            |    52 |    49 ||   101
  Block: Buckler           |    17 |    25 ||    42

Table legend: (Time is in decaauts)
 A = Elapsed time spent in this place.
 B = Non-inter-level travel time spent in this place.
 C = Inter-level travel time spent in this place.
 D = Time resting spent in this place.
 E = Time spent auto-exploring this place.
 F = Levels seen in this place.
 G = Mean time per level.
                   A        B        C        D        E       F      G
               +--------+--------+--------+--------+--------+-----+--------+
         Total |   2047 |   1965 |     82 |    217 |   1216 |   3 |  682.3 |
       Dungeon |   2047 |   1965 |     82 |    217 |   1216 |   3 |  682.3 |
               +--------+--------+--------+--------+--------+-----+--------+

Top non-repeatable levels by time:
     D:2: 1076 daAuts
     D:1: 735 daAuts
     D:3: 236 daAuts
